 Dungeon Crawl Stone Soup version 0.29.1-2-gbd0b4ee654 (webtiles) character file.

Game seed: 2414835807563040792

32 xian the Vexing (level 3, 0/27 HPs)
             Began as a Demonspawn Arcane Marksman on Nov 8, 2022.
             Was a Follower of Dithmenos.
             Succumbed to an adder's poison
             ... on level 2 of the Dungeon.
             The game lasted 00:02:36 (1196 turns).

xian the Vexing (Demonspawn Arcane Marksman)        Turns: 1196, Time: 00:02:36

Health: 0/27       AC:  2    Str: 10    XL:     3   Next: 10%
Magic:  4/4        EV: 12    Int: 16    God:    Dithmenos [*.....]
Gold:   32         SH:  0    Dex: 13    Spells: 3/4 levels left

rFire   . . .      SeeInvis .   a - +1 sling
rCold   . . .      Faith    .   (no shield)
rNeg    . . .      Spirit   .   c - +0 robe
rPois   .          Reflect  .   (no helmet)
rElec   .          Harm     .   (no cloak)
rCorr   .          Rampage  .   (no gloves)
Will    .....                   (no boots)
Stlth   +.........              (no amulet)
HPRegen 0.09/turn               (no ring)
MPRegen 0.18/turn               (no ring)

@: lethally poisoned (0 -> -2), wreathed by umbra
A: claws 1, magic regeneration
a: Renounce Religion


You were on level 2 of the Dungeon.
You worshipped Dithmenos.
Dithmenos was aware of your devotion.
You visited 1 branch of the dungeon, and saw 2 of its levels.

You collected 32 gold pieces.

Inventory:

Hand Weapons
 a - a +1 sling (weapon)
 i - a +0 whip of distortion
Missiles
 d - 4 poisoned darts
Armour
 c - a +0 robe (worn)
Scrolls
 b - 3 scrolls of poison
 j - a scroll of teleportation {unknown}
Potions
 e - 2 potions of resistance {unknown}
 f - a potion of curing {unknown}
 g - a potion of ambrosia {unknown}
 h - 2 potions of brilliance {unknown}


   Skills:
 + Level 1.7 Fighting
 + Level 2.8 Ranged Weapons
 + Level 1.7 Dodging
 + Level 1.0 Spellcasting
 + Level 3.1 Hexes


You had 3 spell levels left.
You knew the following spells:

 Your Spells              Type           Power      Damage    Failure   Level
a - Slow                  Hex            40%        N/A       6%          1

Your spell library contained the following spells:

 Spells                   Type           Power      Damage    Failure   Level
 Inner Flame              Hex/Fire       5%         N/A       36%         3
 Portal Projectile        Hex/Tloc       10%        N/A       36%         3
 Cause Fear               Hex            5%         N/A       54%         4


Dungeon Overview and Level Annotations

Branches:
Dungeon (2/15)

Altars:
Dithmenos

Shops:
D:2 [


Innate Abilities, Weirdness & Mutations

You have sharp fingernails.
You regenerate magic rapidly.


Message History

The worm is moderately wounded.
The adder hisses angrily.
You shoot a sling bullet. The sling bullet hits the worm.
The worm is heavily wounded.
You shoot a sling bullet.
The sling bullet barely misses the adder.
The adder misses you.
You shoot a sling bullet. The sling bullet hits the adder.
The adder is moderately wounded.
The adder closely misses you. The adder bites you but does no damage.
You shoot a sling bullet.
The sling bullet closely misses the adder.
The adder misses you.
You shoot a sling bullet.
The sling bullet closely misses the adder.
The adder barely misses you. The adder closely misses you.
You shoot a sling bullet. The sling bullet hits the adder.
The adder is moderately wounded.
The adder bites you.
You shoot a sling bullet. The sling bullet hits the adder.
The adder is heavily wounded.
The adder closely misses you. The adder bites you but does no damage.
The worm bites you.
You shoot a sling bullet.
The sling bullet barely misses the adder.
The adder closely misses you.
Unknown command.
The adder bites you.
You are poisoned.
The adder poisons you! The adder misses you. The worm bites you!
* * * LOW HITPOINT WARNING * * *
Unknown command.
* * * LOW HITPOINT WARNING * * *
You feel sick.
* * * LOW HITPOINT WARNING * * *
You feel sick.
The worm is no longer moving slowly.
* * * LOW HITPOINT WARNING * * *
You feel sick. The adder closely misses you.
You see here 2 gold pieces.
You die...

...)...#..............#†
.......####...†.#####..#
...............## #..#
.........[.....# #...
.......w$....<...# #.##
.............###.# #.#
.......S......##.####.##
.......$....#.##........
.......@....#.#######...
............... #...
................ #...
..........#.... #...
.......######## #...
....... #### .......
...####


You could see a worm and an adder.

Vanquished Creatures
  An adder (D:2)
  3 dart slugs
  2 goblins
  2 hobgoblins
  2 jackals (D:2)
  3 bats (D:1)
  A kobold (D:2)
  5 rats
19 creatures vanquished.

Vanquished Creatures (others)
  2 plants (D:2)
2 creatures vanquished.

Grand Total: 21 creatures vanquished

Notes
Turn   | Place    | Note
-------+----------+-------------------------------------------
     0 | D:1      | xian the Demonspawn Arcane Marksman began the quest for the
                  | Orb.
     0 | D:1      | Reached XP level 1. HP: 15/15 MP: 2/2
   585 | D:1      | Gained mutation: You regenerate magic rapidly. [demonic
                  | ancestry]
   585 | D:1      | Reached XP level 2. HP: 21/21 MP: 3/3
   936 | D:1      | Found a faded altar of an unknown god.
   940 | D:1      | Prayed at the altar of an unknown god.
   940 | D:1      | Became a worshipper of Dithmenos the Shadowed
   940 | D:1      | Reached * piety under Dithmenos
  1001 | D:2      | Found Odiph's Antique Armour Boutique.
  1135 | D:2      | Gained mutation: You have sharp fingernails. [demonic
                  | ancestry]
  1135 | D:2      | Reached XP level 3. HP: 27/27 MP: 4/4
  1195 | D:2      | HP: 1/27 [poisoned by an adder]
  1196 | D:2      | Succumbed to an adder's poison

Illustrated notes

Levels and vault maps discovered:
D:1:      nzn_arrival_depleted_hourglass, layout_loops_ring,
          hellmonk_ecumenical_altar_inner_sanctum
D:2:      layout_rooms, serial_shops, nicolae_shop_overgrown_old_shop

Skill      XL: |  1 |
---------------+----+-----
Ranged Weapons | 2 |  2.8
Fighting       | |  1.7
Dodging        | |  1.7
Spellcasting   | |  1.0
Hexes          | |  3.1

Action                   || total
-------------------------++-------
 Fire: Sling             ||    94
 Cast: Slow              ||     6
Armor: Robe              ||    12
Dodge: Dodged            ||    39
